 Dungeon Crawl Stone Soup version 0.26-a0-712-ga5a9c9c9d0 (webtiles) character file.

Game seed: 12010233216434014514

31 Azzok the Chopper (level 3, 29/29 HPs)
             Began as a Demonspawn Berserker on Nov 7, 2020.
             Was a Follower of Trog.
             Quit the game on level 2 of the Dungeon.
             The game lasted 00:00:58 (716 turns).

Azzok the Chopper (Demonspawn Berserker)             Turns: 716, Time: 00:00:59

Health: 29/29      AC:  5    Str: 18    XL:     3   Next: 7%
Magic:  3/3        EV: 11    Int:  8    God:    Trog [*.....]
Gold:   93         SH:  0    Dex: 12    Spells: 2/2 levels left

rFire    . . .     SeeInvis .   a - +0 hand axe
rCold    . . .     Faith    .   (no shield)
rNeg     . . .     Spirit   .   d - +0 ring mail
rPois    .         Reflect  .   (helmet restricted)
rElec    .         Harm     .   (no cloak)
rCorr    .         Rampage  .   (no gloves)
MR       .....                  (no boots)
Stlth    +.........             (no amulet)
HPRegen  0.09/turn              (no ring)
MPRegen  0.08/turn              (no ring)

@: no status effects
A: horns 1, demonic guardian 1
a: Berserk, Renounce Religion


You were on level 2 of the Dungeon.
You worshipped Trog.
Trog was aware of your devotion.
You visited 1 branch of the dungeon, and saw 2 of its levels.

You collected 93 gold pieces.

Inventory:

Hand Weapons
 a - a +0 hand axe (weapon)
Armour
 d - a +0 ring mail (worn)
Scrolls
 b - a scroll of remove curse {unknown}
 e - a scroll of immolation {unknown}
 g - a scroll of identify {unknown}
Potions
 c - a potion of curing {unknown}
 f - a potion of invisibility {unknown}


   Skills:
 - Level 3.0 Fighting
 + Level 3.9 Axes
 - Level 1.7 Armour
 - Level 1.7 Dodging


You had 2 spell levels left.
You didn't know any spells.
Your spell library was empty.

Dungeon Overview and Level Annotations

Branches:
Dungeon (2/15)

Altars:


Innate Abilities, Weirdness & Mutations

You have a pair of small horns on your head.
A weak demonic guardian rushes to your aid.


Message History

The dart slug is lightly wounded.
You hit the dart slug but do no damage. You headbutt the dart slug.
The dart slug is severely wounded.
The dart slug completely misses you.
You hit the dart slug.
The dart slug is almost dead.
The dart slug barely misses you.
The hobgoblin hits you but does no damage.
You hit the dart slug.
You kill the dart slug!
Trog accepts your kill.
You have reached level 3!
Your experience leads to an increase in your attributes!
Increase (S)trength, (I)ntelligence, or (D)exterity?
You feel stronger.
Your demonic ancestry asserts itself...
You feel the presence of a demonic guardian.
You hit the hobgoblin.
You kill the hobgoblin!
Trog accepts your kill.
Are you sure you want to abandon this character and quit the game? (Confirm with "yes".)

▒······▒▒▒
▒······▒▒
·······▒··▒▒
···▒▒··▒···▒ ··
▒··▒·▒···▒
···▒▒··▒·▒▒▒·▒
········!·▒·▒
··········▒ ▒
·······@··▒
·······K)······
▒··············
▒············<·
▒··············
▒··············
▒··············
▒·········▒▒▒▒▒


You could see a kobold.

Vanquished Creatures
  2 oozes (D:1)
  A dart slug (D:2)
  2 bats (D:1)
  A giant cockroach (D:1)
  5 hobgoblins
  3 kobolds (D:1)
  3 frilled lizards (D:1)
  3 rats (D:1)
20 creatures vanquished.

Vanquished Creatures (others)
  5 toadstools (D:1)
5 creatures vanquished.

Grand Total: 25 creatures vanquished

Notes
Turn   | Place    | Note
-------+----------+-------------------------------------------
     0 | D:1      | Azzok the Demonspawn Berserker began the quest for the Orb.
     0 | D:1      | Reached XP level 1. HP: 18/18 MP: 1/1
   315 | D:1      | Gained mutation: You have a pair of small horns on your
                  | head. [demonic ancestry]
   315 | D:1      | Reached XP level 2. HP: 24/24 MP: 2/2
   715 | D:2      | Gained mutation: A weak demonic guardian rushes to your
                  | aid. [demonic ancestry]
   715 | D:2      | Reached XP level 3. HP: 29/29 MP: 3/3
   716 | D:2      | Quit the game

Illustrated notes

Levels and vault maps discovered:
D:1:      ldierk_walled_garden, layout_rooms
D:2:      layout_rooms, makhleb_blood_cavern_becter

Skill      XL: |  1 |
---------------+----+-----
Axes           | 3 |  3.9
Fighting       | |  3.0
Armour         | |  1.7
Dodging        | |  1.7

Action                   || total
-------------------------++-------
Melee: Hand axe          ||    54
       Headbutt          ||     4
Armor: Ring mail         ||    13
Dodge: Dodged            ||    31

Table legend: (Time is in decaauts)
 A = Elapsed time spent in this place.
 B = Non-inter-level travel time spent in this place.
 C = Inter-level travel time spent in this place.
 D = Time resting spent in this place.
 E = Time spent auto-exploring this place.
 F = Levels seen in this place.
 G = Mean time per level.
                   A        B        C        D        E       F      G
               +--------+--------+--------+--------+--------+-----+--------+
         Total |    723 |    720 |      3 |      0 |    557 |   2 |  361.5 |
       Dungeon |    723 |    720 |      3 |      0 |    557 |   2 |  361.5 |
               +--------+--------+--------+--------+--------+-----+--------+

Top non-repeatable levels by time:
     D:1: 708 daAuts
     D:2: 14 daAuts
